 Dungeon Crawl Stone Soup version 0.23.2-40-g277498a (webtiles) character file.

Game seed: 5890812059772672473

3215 Molacarthy the Grappler (level 9, 0/80 HPs)
             Began as a Troll Monk on Sept 9, 2019.
             Was a High Priest of Okawaru.
             Slain by a killer bee (2 damage)
             ... on level 10 of the Dungeon.
             The game lasted 00:29:40 (3523 turns).

Molacarthy the Grappler (Troll Monk)                Turns: 3523, Time: 00:29:40

Health: 0/80       AC:  8    Str: 23    XL:     9   Next: 65%
Magic:  8/8        EV: 11    Int:  6    God:    Okawaru [*****.]
Gold:   142        SH:  0    Dex: 13    Spells: 8/8 levels left

rFire    . . .     SeeInvis .     - Unarmed
rCold    . . .     Gourm    +   (no shield)
rNeg     . . .     Faith    .   a - +2 robe
rPois    .         Spirit   .   (helmet restricted)
rElec    .         Reflect  .   (no cloak)
rCorr    .         Harm     .   (gloves unavailable)
MR       .....                  (boots unavailable)
Stlth    ++........             x - amulet of the acrobat
HPRegen  0.63/turn              (no ring)
MPRegen  0.11/turn              (no ring)

@: about to teleport, flying
A: large, unfitting armour, claws 3, fast metabolism 3, gourmand, regeneration
1, shaggy fur 1, tough skin 3
a: Heroism, Finesse, Renounce Religion


You were on level 10 of the Dungeon.
You worshipped Okawaru.
Okawaru was extremely pleased with you.
You were completely stuffed.

You visited 1 branch of the dungeon, and saw 9 of its levels.

You collected 460 gold pieces.
You spent 318 gold pieces at shops.

Inventory:

Armour
 a - a +2 robe (worn)
Jewellery
 x - an amulet of the acrobat (around neck)
Wands
 h - a wand of flame (15)
 p - a wand of iceblast (6)
 y - a wand of polymorph (6)
Scrolls
 j - a scroll of teleportation
 n - 3 scrolls of enchant armour
 o - 2 scrolls of fog
 q - a scroll of amnesia
 s - 3 scrolls of remove curse {unknown}
 t - a scroll of random uselessness {unknown}
 v - a scroll of blinking {unknown}
 w - a scroll of immolation {unknown}
Potions
 c - a potion of magic
 d - a potion of might
 e - a potion of flight
 f - 2 potions of resistance
 g - a potion of lignification {unknown}
 i - a potion of curing
 k - a potion of agility {unknown}
 l - a potion of mutation {unknown}
 m - a potion of haste {unknown}
 r - a potion of degeneration {unknown}
 z - a potion of invisibility {unknown}
Comestibles
 b - 8 rations


   Skills:
 - Level 2.9 Fighting
 - Level 2.9 Dodging
 - Level 1.1 Stealth
 + Level 13.0 Unarmed Combat
 + Level 0.8 Invocations
 + Level 1.1 Evocations


You had 8 spell levels left.
You didn't know any spells.
Your spell library was empty.

Dungeon Overview and Level Annotations

Branches:
Dungeon (10/15)
 Temple: D:4-7         Lair: D:8-11         Orc: D:9-12

Altars:
Kikubaaqudgha
Okawaru
Ru
Uskayaw
Vehumet

Shops:
D:4 *

Annotations:
D:6 2 transporters, ThePandamanX's ghost, novice MiBe


Innate Abilities, Weirdness & Mutations

You are too large for most types of armour.
You have claws for hands.
Your metabolism is lightning-fast.
You like to eat raw meat.
Your natural rate of healing is unusually fast.
You are covered in fur. (AC +1)
You have extremely tough skin. (AC +3)


Message History

You feel very buoyant.
You fly up into the air.
The killer bee stings you.
* * * LOW HITPOINT WARNING * * *
You are poisoned.
The killer bee poisons you! The killer bee stings you.
* * * LOW HITPOINT WARNING * * *
The killer bee stings you but does no damage.
The killer bee misses you. The killer bee closely misses you.
The killer bee stings you but does no damage.
The ogre hits you with a +0 giant club!
* * * LOW HITPOINT WARNING * * *
You feel better. The killer bee stings you!
* * * LOW HITPOINT WARNING * * *
The killer bee closely misses you. The killer bee barely misses you.
The killer bee misses you. The killer bee closely misses you.
The killer bee barely misses you.
Unknown command.
As you read the scroll of teleportation, it crumbles to dust.
You feel strangely unstable. The killer bee stings you.
You die...

###########
#.........####
#......9......
#..#####...###
#y.#####...##
#..##... ....
#.9##y##...#.#
#.yyy@O....#..
#.###y###....
#.........# #
#####.#####
#..# #.## #.#
#.# #.#


You could see a gargoyle, an ogre and 5 killer bees.

Vanquished Creatures
  Pikel (D:4)
  2 hippogriffs
  A shadow (D:9)
  A basilisk (D:9)
  A steam dragon (D:7)
  2 sky beasts
  An ogre (D:3)
  2 centaurs (D:6)
  7 bullfrogs
  3 scorpions
  A killer bee (D:9)
  A howler monkey (D:9)
  A crimson imp (D:7)
  A bullfrog zombie (D:9)
  An orc priest (D:4)
  A centaur zombie (D:8)
  5 hounds
  A jelly (D:9)
  2 orc wizards
  A gnoll shaman (D:8)
  2 bullfrog skeletons (D:6)
  An iguana (D:9)
  A killer bee zombie (D:6)
  6 worker ants
  5 gnolls
  7 adders
  3 worms (D:3)
  A dart slug (D:1)
  4 leopard geckos
  10 orcs
  3 giant cockroaches
  6 goblins
  8 hobgoblins
  8 jackals
  3 quokkas
  2 ball pythons
  4 bats
  A jackal skeleton (D:6)
  7 kobolds
  A leopard gecko skeleton (D:8)
  A quokka zombie (D:4)
  7 rats
  A fungus (D:3)
  A toadstool (D:3)
129 creatures vanquished.

Vanquished Creatures (others)
  An ogre (D:4)
  3 toadstools (D:3)
4 creatures vanquished.

Grand Total: 133 creatures vanquished

Notes
Turn   | Place    | Note
-------+----------+-------------------------------------------
     0 | D:1      | Molacarthy the Troll Monk began the quest for the Orb.
     0 | D:1      | Reached XP level 1. HP: 22/22 MP: 0/0
    74 | D:1      | Reached XP level 2. HP: 23/29 MP: 1/1
   295 | D:1      | Reached XP level 3. HP: 26/36 MP: 2/2
   698 | D:1      | You fall through a shaft!
   724 | D:2      | Reached XP level 4. HP: 31/44 MP: 3/3
   751 | D:2      | Reached skill level 4 in Unarmed Combat
   800 | D:2      | Found a faded altar of an unknown god.
   807 | D:2      | Became a worshipper of Warmaster Okawaru
   807 | D:2      | Reached * piety under Okawaru
   807 | D:2      | Reached ** piety under Okawaru
   982 | D:3      | Noticed an ogre
   987 | D:3      | Killed an ogre
   987 | D:3      | Reached skill level 5 in Unarmed Combat
   987 | D:3      | Reached XP level 5. HP: 52/52 MP: 1/4
  1011 | D:3      | Reached *** piety under Okawaru
  1156 | D:3      | Reached skill level 6 in Unarmed Combat
  1156 | D:3      | Reached XP level 6. HP: 59/59 MP: 5/5
  1314 | D:4      | Noticed a sky beast
  1321 | D:4      | Killed a sky beast
  1388 | D:4      | Reached skill level 7 in Unarmed Combat
  1484 | D:4      | Noticed a slave
  1484 | D:4      | Noticed a slave
  1485 | D:4      | Noticed Pikel
  1487 | D:4      | Noticed a slave
  1490 | D:4      | Noticed a slave
  1493 | D:4      | Killed Pikel
  1493 | D:4      | Reached **** piety under Okawaru
  1493 | D:4      | Reached skill level 9 in Unarmed Combat
  1493 | D:4      | Reached XP level 7. HP: 49/66 MP: 6/6
  1745 | D:4      | Found Bausotto's General Store.
  1748 | D:4      | Bought 3 scrolls of enchant armour for 292 gold pieces
  1748 | D:4      | Bought a scroll of identify for 26 gold pieces
  1794 | D:4      | Found a sacrificial altar of Ru.
  1940 | D:4      | You fall through a shaft for 2 floors!
  2002 | D:6      | Found a radiant altar of Vehumet.
  2013 | D:6      | Reached XP level 8. HP: 69/74 MP: 7/7
  2123 | D:6      | Noticed a queen bee
  2125 | D:6      | Noticed a hornet
  2126 | D:6      | Noticed ThePandamanX's ghost (novice MiBe)
  2171 | D:6      | Found a transporter.
  2173 | D:6      | Found a transporter.
  2497 | D:6      | Reached skill level 10 in Unarmed Combat
  2600 | D:6      | Received a gift from Okawaru
  3046 | D:7      | Reached skill level 11 in Unarmed Combat
  3070 | D:8      | Received a gift from Okawaru
  3071 | D:8      | Reached XP level 9. HP: 47/80 MP: 8/8
  3287 | D:9      | Reached ***** piety under Okawaru
  3294 | D:9      | Reached skill level 12 in Unarmed Combat
  3325 | D:9      | Noticed a cyclops
  3342 | D:9      | Found a hide-covered altar of Uskayaw.
  3356 | D:9      | Reached skill level 1 in Evocations
  3358 | D:9      | Found an ancient bone altar of Kikubaaqudgha.
  3369 | D:10     | Entered Level 10 of the Dungeon
  3479 | D:10     | Noticed a gargoyle
  3504 | D:10     | Reached skill level 13 in Unarmed Combat
  3521 | D:10     | HP: 1/80 [ogre/+0 giant club (13)]
  3523 | D:10     | Slain by a killer bee

Skill      XL: |  1  2  3  4  5  6  7  8  9 |
---------------+----------------------------+-----
Unarmed Combat | 5 6 9 11 13 | 13.0
Evocations     | 1 |  1.1
Fighting       | |  2.9
Dodging        | |  2.9
Stealth        | |  1.1
Invocations    | |  0.8

Action                   |  1- 3 |  4- 6 |  7- 9 || total
-------------------------+-------+-------+-------++-------
Melee: Unarmed           |    74 |    99 |   174 ||   347
       Punch             |     2 |     6 |     7 ||    15
Invok: Heroism           |       |     2 |       ||     2
Evoke: Wand              |       |       |    11 ||    11
  Use: Scroll            |     1 |     4 |     9 ||    14
       Potion            |       |       |     4 ||     4
 Stab: Sleeping          |       |     2 |     2 ||     4
  Eat: Chunk             |    12 |     6 |    20 ||    38
Armor: Robe              |    31 |    27 |    86 ||   144
Dodge: Dodged            |    56 |    33 |   145 ||   234
